DSL
DSL DETROIT TIGERS @ DSL CLEVELAND GUARDIANS
07/21/2041
 
TOP OF THE 1ST
DSL Detroit Tigers batting - Pitching for DSL Cleveland Guardians : LHP Raúl Hernández
Pitching: LHP Raúl Hernández
Batting: RHB Ed Daniels 0-0: Foul Ball, location: 9LSF
0-1: Ball
1-1: Swinging Strike
1-2: Ball
2-2: Ball
3-2: Base on Balls
Batting: RHB Chad Cantrell 0-0: Ball
1-0: Foul Ball, location: 23F
1-1: Ball
2-1: Foul Ball, location: 9LSF
2-2: Ball
3-2: Base on Balls
Ed Daniels to second
Batting: RHB Tommy Bell 0-0: Called Strike
0-1: Swinging Strike
0-2: Ball
1-2: Strikes out looking
Batting: RHB Ánibal López 0-0: Called Strike
0-1: Foul Ball, location: 9LMFF
0-2: Ball
1-2: Ball
2-2: Strikes out swinging
Batting: RHB Jeff Jackson 0-0: Foul Ball, location: 23F
0-1: Swinging Strike
0-2: Ball
1-2: Foul Ball, location: 5DF
1-2: Fly out, F8 (Flyball, 8RD, EV 97.5 MPH)
Top of the 1st over - 0 runs, 0 hits, 0 errors, 2 left on base; DSL Detroit 0 - DSL Cleveland 0
BOTTOM OF THE 1ST
DSL Cleveland Guardians batting - Pitching for DSL Detroit Tigers : RHP Freddie Baird
Pitching: RHP Freddie Baird
Batting: RHB Esteban Romo 0-0: Ground out 2-3 (Groundball, 2L, EV 71.9 MPH)
Batting: RHB Miguel Angel Castaneda 0-0: Foul Ball, location: 2F
0-1: Ball
1-1: Called Strike
1-2: Strikes out looking
Batting: LHB Alfredo Herrera 0-0: Foul Ball, location: 2F
0-1: Swinging Strike
0-2: Foul Ball, location: 2F
0-2: Ball
1-2: Strikes out swinging
Bottom of the 1st over - 0 runs, 0 hits, 0 errors, 0 left on base; DSL Detroit 0 - DSL Cleveland 0
TOP OF THE 2ND
DSL Detroit Tigers batting - Pitching for DSL Cleveland Guardians : LHP Raúl Hernández
Batting: RHB Curt Gordon 0-0: Called Strike
0-1: Foul Ball, location: 9LMF
0-2: Ball
1-2: Strikes out looking
Batting: RHB Jarred McClain 0-0: Swinging Strike
0-1: Foul Ball, location: 9LDF
0-2: Foul Ball, location: 9LDF
0-2: Fly out, F7 (Flyball, 7LMF, EV 93.1 MPH)
Batting: RHB Ludovic Riano 0-0: Foul Ball, location: 9LSF
0-1: Ball
1-1: Swinging Strike
1-2: Strikes out swinging
Top of the 2nd over - 0 runs, 0 hits, 0 errors, 0 left on base; DSL Detroit 0 - DSL Cleveland 0
BOTTOM OF THE 2ND
DSL Cleveland Guardians batting - Pitching for DSL Detroit Tigers : RHP Freddie Baird
Batting: RHB Manny García 0-0: Ball
1-0: Ball
2-0: Foul Ball, location: 2F
2-1: Ball
3-1: Called Strike
3-2: Strikes out swinging
Batting: RHB Jim Montgomery 0-0: Called Strike
0-1: Ball
1-1: Ball
2-1: Called Strike
2-2: Strikes out swinging
Batting: SHB Mario Gutiérrez 0-0: Ball
1-0: Called Strike
1-1: Swinging Strike
1-2: Strikes out looking
Bottom of the 2nd over - 0 runs, 0 hits, 0 errors, 0 left on base; DSL Detroit 0 - DSL Cleveland 0
TOP OF THE 3RD
DSL Detroit Tigers batting - Pitching for DSL Cleveland Guardians : LHP Raúl Hernández
Batting: RHB César Mendoza 0-0: Ball
1-0: Called Strike
1-1: Swinging Strike
1-2: Strikes out looking
Batting: RHB Ed Daniels 0-0: Swinging Strike
0-1: Ball
1-1: Called Strike
1-2: Strikes out looking
Batting: RHB Chad Cantrell 0-0: Called Strike
0-1: Called Strike
0-2: Ball
1-2: Ball
2-2: Ball
3-2: Base on Balls
Batting: RHB Tommy Bell 0-0: Ball
1-0: Foul Ball, location: 9LMF
1-1: Called Strike
1-2: Ball
2-2: SINGLE (Groundball, 34S, EV 73.8 MPH) (infield hit)
Chad Cantrell to second
Batting: RHB Ánibal López 0-0: Ball
1-0: Ball
2-0: Called Strike
2-1: Ground out 5-3 (Groundball, 56S, EV 90.6 MPH)
Top of the 3rd over - 0 runs, 1 hit, 0 errors, 2 left on base; DSL Detroit 0 - DSL Cleveland 0
BOTTOM OF THE 3RD
DSL Cleveland Guardians batting - Pitching for DSL Detroit Tigers : RHP Freddie Baird
Batting: RHB Luis Castillo 0-0: Called Strike
0-1: Ball
1-1: Called Strike
1-2: Strikes out swinging
Batting: RHB Sergio González 0-0: Ball
1-0: Swinging Strike
1-1: Foul Ball, location: 9LDF
1-2: Strikes out looking
Batting: RHB Dani Cruz 0-0: Ball
1-0: Ball
2-0: Swinging Strike
2-1: Called Strike
2-2: Ball
3-2: Strikes out swinging
Bottom of the 3rd over - 0 runs, 0 hits, 0 errors, 0 left on base; DSL Detroit 0 - DSL Cleveland 0
TOP OF THE 4TH
DSL Detroit Tigers batting - Pitching for DSL Cleveland Guardians : LHP Raúl Hernández
Batting: RHB Jeff Jackson 0-0: Ball
1-0: Swinging Strike
1-1: Swinging Strike
1-2: Strikes out swinging
Batting: RHB Curt Gordon 0-0: Ball
1-0: Foul Ball, location: 5F
1-1: Called Strike
1-2: Strikes out swinging
Batting: RHB Jarred McClain 0-0: Foul Ball, location: 2F
0-1: Called Strike
0-2: Ground out 4-3 (Groundball, 4, EV 78.1 MPH)
Top of the 4th over - 0 runs, 0 hits, 0 errors, 0 left on base; DSL Detroit 0 - DSL Cleveland 0
BOTTOM OF THE 4TH
DSL Cleveland Guardians batting - Pitching for DSL Detroit Tigers : RHP Freddie Baird
Batting: RHB Esteban Romo 0-0: Called Strike
0-1: Foul Ball, location: 9LDF
0-2: Hit by Pitch
Batting: RHB Miguel Angel Castaneda 0-0: Called Strike
0-1: Ball
Balk!
Esteban Romo to second
1-1: Bunted foul
1-2: Strikes out swinging
Batting: LHB Alfredo Herrera 0-0: Called Strike
0-1: Ball
1-1: Ball
2-1: Called Strike
2-2: Strikes out looking
Batting: RHB Manny García 0-0: Foul Ball, location: 2F
0-1: SINGLE (Line Drive, 7LS, EV 105.0 MPH)
Esteban Romo to third
Runner from 3rd tries for Home, SAFE, throw by LF to home
Batting: RHB Jim Montgomery 0-0: Ball
1-0: Swinging Strike
1-1: Ball
2-1: Ball
3-1: Swinging Strike
3-2: Foul Ball, location: 2F
3-2: Strikes out swinging
Bottom of the 4th over - 1 run, 1 hit, 0 errors, 1 left on base; DSL Detroit 0 - DSL Cleveland 1
TOP OF THE 5TH
DSL Detroit Tigers batting - Pitching for DSL Cleveland Guardians : LHP Raúl Hernández
Batting: RHB Ludovic Riano 0-0: Foul Ball, location: 9LSF
0-1: Foul Ball, location: 23FF
0-2: Ball
1-2: Foul Ball, location: 5F
1-2: Ball
2-2: Ball
3-2: TRIPLE (Line Drive, 89XD, EV 101.3 MPH)
Pitching: LHP José Juárez
Batting: RHB César Mendoza 0-0: Swinging Strike
0-1: Ball
1-1: Swinging Strike
1-2: Strikes out looking
Batting: RHB Ed Daniels 0-0: Ball
1-0: Ball
2-0: Ball
3-0: Called Strike
3-1: Base on Balls
Batting: RHB Chad Cantrell 0-0: Ball
1-0: Called Strike
1-1: Ball
2-1: Ball
3-1: Base on Balls
Ed Daniels to second
Batting: RHB Tommy Bell 0-0: Called Strike
0-1: Called Strike
0-2: Ball
1-2: Grounds into double play, 4-6-3 (Groundball, 4, EV 77.5 MPH)
Top of the 5th over - 0 runs, 1 hit, 0 errors, 2 left on base; DSL Detroit 0 - DSL Cleveland 1
BOTTOM OF THE 5TH
DSL Cleveland Guardians batting - Pitching for DSL Detroit Tigers : RHP Freddie Baird
Batting: SHB Mario Gutiérrez 0-0: Foul Ball, location: 3DF
0-1: Ball
1-1: Ball
2-1: Swinging Strike
2-2: Foul Ball, location: 5FF
2-2: Strikes out swinging
Batting: RHB Luis Castillo 0-0: Ball
1-0: Called Strike
1-1: Swinging Strike
1-2: Strikes out swinging
Batting: RHB Sergio González 0-0: Ball
1-0: Ball
2-0: Ball
3-0: Base on Balls
Batting: RHB Dani Cruz 0-0: Called Strike
0-1: Ball
1-1: Called Strike
1-2: Ball
2-2: Strikes out looking
Bottom of the 5th over - 0 runs, 0 hits, 0 errors, 1 left on base; DSL Detroit 0 - DSL Cleveland 1
TOP OF THE 6TH
DSL Detroit Tigers batting - Pitching for DSL Cleveland Guardians : LHP José Juárez
Batting: RHB Ánibal López 0-0: SOLO HOME RUN (Flyball, 9LD, EV 95.0 MPH), Distance : 358 ft
Batting: RHB Jeff Jackson 0-0: Ball
1-0: TRIPLE (Flyball, 78XD, EV 99.4 MPH)
Batting: RHB Curt Gordon 0-0: Called Strike
0-1: Ball
1-1: Foul Ball, location: 2F
1-2: Strikes out swinging
Batting: RHB Jarred McClain 0-0: Foul Ball, location: 5FF
0-1: Called Strike
0-2: Ball
1-2: Strikes out swinging
Pinch Hitting: RHB Pepe Martínez 0-0: Foul Ball, location: 25F
0-1: Called Strike
0-2: Ball
1-2: Strikes out swinging
Top of the 6th over - 1 run, 2 hits, 0 errors, 1 left on base; DSL Detroit 1 - DSL Cleveland 1
BOTTOM OF THE 6TH
DSL Cleveland Guardians batting - Pitching for DSL Detroit Tigers : RHP Freddie Baird
Now at 3B: Leonardo Sánchez
Batting: RHB Esteban Romo 0-0: Foul Ball, location: 25F
0-1: Ball
1-1: Called Strike
1-2: Ball
2-2: Foul Ball, location: 2F
2-2: Foul Ball, location: 2F
2-2: Foul Ball, location: 9LMF
2-2: Strikes out swinging
Batting: RHB Miguel Angel Castaneda 0-0: Called Strike
0-1: Ball
1-1: Swinging Strike
1-2: Ball
2-2: Ball
3-2: Strikes out looking
Batting: LHB Alfredo Herrera 0-0: Called Strike
0-1: Ball
1-1: Swinging Strike
1-2: Ball
2-2: Ball
3-2: Foul Ball, location: 23F
3-2: Strikes out looking
Bottom of the 6th over - 0 runs, 0 hits, 0 errors, 0 left on base; DSL Detroit 1 - DSL Cleveland 1
TOP OF THE 7TH
DSL Detroit Tigers batting - Pitching for DSL Cleveland Guardians : LHP José Juárez
Batting: RHB César Mendoza 0-0: Ball
1-0: Swinging Strike
1-1: Ball
2-1: Foul Ball, location: 2F
2-2: Strikes out swinging
Batting: RHB Ed Daniels 0-0: Foul Ball, location: 25F
0-1: Ball
1-1: SINGLE (Groundball, P, EV 81.9 MPH) (infield hit)
Batting: RHB Chad Cantrell 0-0: Ball
1-0: Ball
2-0: Foul Ball, location: 9LDF
2-1: Ball
3-1: Base on Balls
Ed Daniels to second
Batting: RHB Tommy Bell 0-0: Foul Ball, location: 9LSF
0-1: Called Strike
0-2: Ball
1-2: Ball
2-2: Foul Ball, location: 2F
2-2: Ball
3-2: Base on Balls
Ed Daniels to third
Chad Cantrell to second
Pitching: LHP Orlando Ríos
Batting: RHB Ánibal López 0-0: Called Strike
0-1: Ball
1-1: Swinging Strike
1-2: Ball
2-2: Strikes out swinging
Batting: RHB Ty Carlson 0-0: Called Strike
0-1: Ball
1-1: Ball
2-1: Ball
3-1: Base on Balls
Ed Daniels scores
Chad Cantrell to third
Tommy Bell to second
Batting: RHB Curt Gordon 0-0: Ball
1-0: Called Strike
1-1: Swinging Strike
1-2: Strikes out looking
Top of the 7th over - 1 run, 1 hit, 0 errors, 3 left on base; DSL Detroit 2 - DSL Cleveland 1
BOTTOM OF THE 7TH
DSL Cleveland Guardians batting - Pitching for DSL Detroit Tigers : RHP Freddie Baird
Batting: RHB Manny García 0-0: Swinging Strike
0-1: Swinging Strike
0-2: Ball
1-2: Ball
2-2: Ball
3-2: Strikes out swinging
Batting: RHB Jim Montgomery 0-0: Ground out 6-3 (Groundball, 6, EV 101.9 MPH)
Batting: SHB Mario Gutiérrez 0-0: Ball
1-0: Called Strike
1-1: Ball
2-1: Called Strike
2-2: Fly out, F8 (Line Drive, 8LD, EV 104.4 MPH)
Bottom of the 7th over - 0 runs, 0 hits, 0 errors, 0 left on base; DSL Detroit 2 - DSL Cleveland 1
TOP OF THE 8TH
DSL Detroit Tigers batting - Pitching for DSL Cleveland Guardians : LHP Orlando Ríos
Batting: RHB Jarred McClain 0-0: Called Strike
0-1: Ball
1-1: Ball
2-1: Ball
3-1: Foul Ball, location: 5F
3-2: Strikes out looking
Batting: RHB Leonardo Sánchez 0-0: Called Strike
0-1: Ball
1-1: Swinging Strike
1-2: Strikes out swinging
Batting: RHB César Mendoza 0-0: Called Strike
0-1: SINGLE (Line Drive, 78S, EV 95.0 MPH)
Batting: RHB Ed Daniels 0-0: Swinging Strike
0-1: Foul Ball, location: 9LDF
0-2: Ball
1-2: 2-RUN HOME RUN (Flyball, 78XD, EV 98.8 MPH), Distance : 419 ft
Batting: RHB Chad Cantrell 0-0: Ball
1-0: Called Strike
1-1: DOUBLE (Line Drive, 7LD, EV 103.8 MPH)
Batting: RHB Tommy Bell 0-0: Swinging Strike
0-1: Foul Ball, location: 2F
0-2: Strikes out looking
Top of the 8th over - 2 runs, 3 hits, 0 errors, 1 left on base; DSL Detroit 4 - DSL Cleveland 1
BOTTOM OF THE 8TH
DSL Cleveland Guardians batting - Pitching for DSL Detroit Tigers : RHP Freddie Baird
Batting: RHB Luis Castillo 0-0: Called Strike
0-1: Foul Ball, location: 2F
0-2: Strikes out looking
Batting: RHB Sergio González 0-0: Called Strike
0-1: Ball
1-1: Called Strike
1-2: Ball
2-2: Foul Ball, location: 2F
2-2: Ball
3-2: Ground out U3 (Groundball, 13, EV 80.6 MPH)
Batting: RHB Dani Cruz 0-0: Foul Ball, location: 2F
0-1: Ball
1-1: Ball
2-1: Swinging Strike
2-2: Strikes out swinging
Bottom of the 8th over - 0 runs, 0 hits, 0 errors, 0 left on base; DSL Detroit 4 - DSL Cleveland 1
TOP OF THE 9TH
DSL Detroit Tigers batting - Pitching for DSL Cleveland Guardians : LHP Orlando Ríos
Batting: RHB Ánibal López 0-0: Ball
1-0: Ball
2-0: Ball
3-0: Base on Balls
Batting: RHB Ty Carlson 0-0: Called Strike
0-1: Ball
1-1: Ball
2-1: Foul Ball, location: 2F
2-2: Ball
3-2: Foul Ball, location: 9LSF
3-2: Base on Balls
Ánibal López to second
Batting: RHB Curt Gordon 0-0: Swinging Strike
0-1: Ball
1-1: Ball
2-1: Foul Ball, location: 7LMF
2-2: Strikes out swinging
Batting: RHB Jarred McClain 0-0: Ball
1-0: Ball
2-0: Called Strike
2-1: Ball
3-1: Foul Ball, location: 2F
3-2: Foul Ball, location: 2F
3-2: Strikes out swinging
Batting: RHB Leonardo Sánchez 0-0: Ball
1-0: Fielders Choice at 2nd, 5-4 (Groundball, 56, EV 110.0 MPH)
Top of the 9th over - 0 runs, 0 hits, 0 errors, 2 left on base; DSL Detroit 4 - DSL Cleveland 1
BOTTOM OF THE 9TH
DSL Cleveland Guardians batting - Pitching for DSL Detroit Tigers : RHP Freddie Baird
Pitching: LHP Steve Ryan
Now at 1B: Jesús Arreola
Batting: RHB Esteban Romo 0-0: DOUBLE (Line Drive, 5D, EV 105.0 MPH)
Batting: RHB Miguel Angel Castaneda 0-0: Called Strike
0-1: Foul Ball, location: 3F
0-2: Ground out 6-3 (Groundball, 6, EV 90.0 MPH)
Esteban Romo to third
Pinch Hitting: RHB Norbert Rondinelli 0-0: Ball
1-0: Ball
2-0: Ball
3-0: Called Strike
3-1: Swinging Strike
3-2: Foul Ball, location: 9LMF
3-2: Base on Balls
Batting: RHB Manny García 0-0: Ball
1-0: Called Strike
1-1: Ball
2-1: DOUBLE (Line Drive, 89D, EV 105.0 MPH)
Esteban Romo scores
Norbert Rondinelli to third
Pinch Hitting: RHB Enrico Romero 0-0: Called Strike
0-1: Ball
1-1: Called Strike
1-2: Strikes out swinging
Pinch Hitting: RHB Juan Moreno 0-0: 3-RUN HOME RUN (Flyball, 7D, EV 97.5 MPH), Distance : 372 ft
Bottom of the 9th over - 4 runs, 3 hits, 0 errors, 0 left on base; DSL Detroit 4 - DSL Cleveland 5
Wednesday, April 3rd , 2024 - OOTP Baseball 24.10 Build 82